 Dungeon Crawl Stone Soup version 0.29.1-15-g9cfb28693d (webtiles) character file.

Game seed: 4997099300039554598

2762 nshep25 the Thaumaturge (level 9, 0/47 HPs)
             Began as a Deep Elf Conjurer on Mar 7, 2023.
             Was a Follower of Vehumet.
             Slain by a yak (10 damage)
             ... on level 8 of the Dungeon.
             The game lasted 00:17:49 (9052 turns).

nshep25 the Thaumaturge (Deep Elf Conjurer)         Turns: 9052, Time: 00:17:49

Health: 0/47       AC:  6    Str: 11    XL:     9   Next: 42%
Magic:  25/25      EV: 12    Int: 26    God:    Vehumet [*.....]
Gold:   320        SH:  0    Dex: 11    Spells: 18/29 levels left

rFire   . . .      SeeInvis .   s - staff of air
rCold   . . .      Faith    .   (no shield)
rNeg    . . .      Spirit   .   a - +0 robe
rPois   +          Reflect  .   w - +1 helmet "Lentegua" {rPois Str+7 Dex-4}
rElec   +          Harm     .   m - +0 cloak
rCorr   .          Rampage  .   u - +0 pair of gloves
Will    .....                   (no boots)
Stlth   +++.......              (no amulet)
HPRegen 0.15/turn               p - +4 ring of slaying
MPRegen 0.19/turn               (no ring)

@: lethally poisoned (0 -> -18)
A: no striking features
a: Renounce Religion


You were on level 8 of the Dungeon.
You worshipped Vehumet.
Vehumet was aware of your devotion.
You visited 2 branches of the dungeon, and saw 9 of its levels.

You collected 320 gold pieces.

Inventory:

Hand Weapons
 l - a +5 quarterstaff of electrocution
Missiles
 o - a throwing net
Armour
 a - a +0 robe (worn)
 m - a +0 cloak (worn)
 u - a +0 pair of gloves (worn)
 w - the +1 helmet "Lentegua" (worn) {rPois Str+7 Dex-4}
   (You found it on level 6 of the Dungeon)

   Str:       It affects your strength (+7).
   Dex:       It affects your dexterity (-4).
   rPois:     It protects you from poison.
Magical Staves
 s - a staff of air (weapon)
Jewellery
 p - a +4 ring of slaying (left hand)
Wands
 k - a wand of light (8)
 y - a wand of flame (15)
Scrolls
 c - 2 scrolls of identify
 e - 2 scrolls of enchant weapon
 g - a scroll of torment {unknown}
 j - 2 scrolls of brand weapon
 q - a scroll of amnesia
 t - a scroll of teleportation
 v - a scroll of enchant armour {unknown}
Potions
 b - a potion of magic
 d - 4 potions of curing
 f - a potion of mutation
 h - 3 potions of invisibility
 i - 2 potions of brilliance
 n - 5 potions of heal wounds
 r - a potion of cancellation
 x - a potion of might {unknown}
 z - a potion of berserk rage {unknown}


   Skills:
 + Level 1.0 Fighting
 * Level 1.3 Staves
 + Level 3.2 Dodging
 + Level 5.2 Stealth
 * Level 10.7 Spellcasting
 + Level 9.0 Conjurations
 + Level 2.3 Hexes
 + Level 2.1 Translocations
 * Level 3.0 Air Magic
 * Level 3.6 Evocations


You had 18 spell levels left.
You knew the following spells:

 Your Spells              Type           Power      Damage    Failure   Level
a - Magic Dart            Conj           100%       1d8       1%          1
b - Searing Ray           Conj           100%       2d8       1%          2
c - Iskenderun's Mystic   Conj/Tloc      43%        2d10      4%          4
d - Fulminant Prism       Conj/Hex       21%        3d13      4%          4

Your spell library contained the following spells:

 Spells                   Type           Power      Damage    Failure   Level
 Freeze                   Ice            52%        1d7       4%          1
 Foxfire                  Conj/Fire      100%       2x1d9     1%          1
 Conjure Flame            Conj/Fire      37%        6-21      1%          3
 Dazzling Flash           Conj/Hex       86%        N/A       1%          3
 Mephitic Cloud           Conj/Pois/Air  51%        N/A       2%          3
 Swiftness                Air            44%        N/A       3%          3
 Ensorcelled Hibernation  Hex/Ice        38%        N/A       4%          2
 Call Imp                 Summ           13%        N/A       6%          2
 Passwall                 Tmut/Erth      10%        N/A       6%          2
 Sublimation of Blood     Necr           13%        N/A       6%          2
 Flame Wave               Conj/Fire      37%        2d10      7%          4
 Inner Flame              Hex/Fire       19%        N/A       9%          3
 Irradiate                Conj/Tmut      18%        3d17      19%         5
 Petrify                  Tmut/Erth      13%        N/A       38%         4


Dungeon Overview and Level Annotations

Branches:
Dungeon (8/15)             Temple (1/1) D:4
   Lair: D:8-11

Altars:
Ashenzari
Cheibriados
Elyvilon
Fedhas
Gozag
Okawaru
Qazlal
Sif Muna
Vehumet
Xom
Zin

Shops:
D:2 (   D:7 ![(*:

Annotations:
D:6 1 runed translucent door, HospitalGownGirl's ghost, novice HuBr


Message History

You climb upwards.
There is a stone staircase leading down here.
Casting: Iskenderun's Mystic Blast (dangerous; 4% risk of failure)
Confirm with . or Enter, or press ? or * to list all spells.
You erupt in a blast of force!
The mystic blast hits the wyvern but does no damage.
The wyvern is moderately wounded.
The wyvern barely misses you. The wyvern attacks as you move away!
The wyvern completely misses you. The wyvern barely misses you.
The wyvern attacks as you move away! The wyvern bites you! x2
* * * LOW HITPOINT WARNING * * *
Casting: Iskenderun's Mystic Blast (dangerous; 4% risk of failure)
Confirm with . or Enter, or press ? or * to list all spells.
You erupt in a blast of force!
The mystic blast hits the wyvern!
The wyvern is severely wounded.
The wyvern is knocked back by the mystic blast.
The wyvern slams into the rock wall!
The wyvern is almost dead.
Casting: Iskenderun's Mystic Blast (dangerous; 4% risk of failure)
Confirm with . or Enter, or press ? or * to list all spells.
You erupt in a blast of force!
The mystic blast hits the wyvern!
You kill the wyvern!
Vehumet accepts your kill.
Your Air Magic skill increases to level 3!
You start resting.
Magic restored.
You start resting.
HP restored.
There is a stone staircase leading down here.
You climb downwards.
The water moccasin bites you. The water moccasin bites you!
The water moccasin bites you. The water moccasin barely misses you.
The yak gores you!
The water moccasin bites you but does no damage.
The water moccasin bites you.
You are lethally poisoned!
The water moccasin poisons you! The water moccasin bites you!
* * * LOW HITPOINT WARNING * * *
The yak gores you!
You die...

...........
.........
#.......# ...P
#.......# P..P
#.......# ..S..
#..(....# ....l
#..YS...####.
.Y...#..S@........
..P#..#...S...####
...).÷÷...#...#
##†#.##.......# #
#########


You could see a yak and 3 water moccasins.

Vanquished Creatures
  2 wyverns
  A yak (D:8)
  3 water moccasins
  4 ice beasts
  2 centaurs
  An ogre (D:6)
  A phantom (D:6)
  A kobold brigand (D:5)
  A bullfrog (D:8)
  Blork the orc (D:4)
  A necrophage (D:6)
  A scorpion (D:5)
  4 wights (D:5)
  6 killer bees (D:7)
  A jelly (D:6)
  Crazy Yiuf (D:2)
  2 orc priests
  3 hounds (D:6)
  3 iguanas
  2 orc wizards
  4 gnolls (D:6)
  8 adders
  A shadow imp (D:7)
  4 worms
  9 orcs
  5 bats
  7 endoplasms
  5 giant cockroaches (D:1)
  10 goblins
  14 hobgoblins
  3 jackals (D:1)
  11 kobolds
  3 quokkas
  7 ball pythons
  6 rats
138 creatures vanquished.

Vanquished Creatures (others)
  11 fulminant prisms
  5 plants (D:8)
16 creatures vanquished.

Grand Total: 154 creatures vanquished

Notes
Turn   | Place    | Note
-------+----------+-------------------------------------------
     0 | D:1      | nshep25 the Deep Elf Conjurer began the quest for the Orb.
     0 | D:1      | Reached XP level 1. HP: 10/10 MP: 6/6
   426 | D:1      | Reached XP level 2. HP: 15/15 MP: 6/8
   578 | D:1      | Reached skill level 5 in Conjurations
   861 | D:1      | Found a faded altar of an unknown god.
  1044 | D:1      | Reached XP level 3. HP: 10/19 MP: 3/9
  1554 | D:1      | Learned a level 2 spell: Searing Ray
  1680 | D:2      | Found Idev Cor's Weapon Shoppe.
  1934 | D:2      | Reached skill level 4 in Spellcasting
  1934 | D:2      | Reached XP level 4. HP: 24/24 MP: 7/12
  2422 | D:2      | Found a runed translucent door.
  2423 | D:2      | Noticed Crazy Yiuf
  2693 | D:2      | Learned a level 4 spell: Iskenderun's Mystic Blast
  2698 | D:2      | Learned a level 4 spell: Fulminant Prism
  2703 | D:2      | Killed Crazy Yiuf
  3126 | D:3      | Reached XP level 5. HP: 28/28 MP: 11/14
  3467 | D:3      | Reached skill level 5 in Spellcasting
  3885 | D:4      | Found a staircase to the Ecumenical Temple.
  3894 | Temple   | Entered the Ecumenical Temple
  4044 | Temple   | Became a worshipper of Vehumet
  4336 | D:4      | Noticed Blork the orc
  4343 | D:4      | Killed Blork the orc
  4415 | D:4      | Reached XP level 6. HP: 32/32 MP: 8/16
  5063 | D:5      | Entered Level 5 of the Dungeon
  5365 | D:5      | Reached skill level 6 in Spellcasting
  5461 | D:5      | Reached XP level 7. HP: 36/36 MP: 12/19
  5517 | D:5      | Reached skill level 7 in Spellcasting
  6467 | D:6      | Reached * piety under Vehumet
  6467 | D:6      | Offered knowledge of Freeze by Vehumet.
  6469 | D:6      | Reached skill level 8 in Spellcasting
  6490 | D:6      | Reached skill level 5 in Stealth
  6490 | D:6      | Reached skill level 1 in Air Magic
  6490 | D:6      | Reached skill level 1 in Evocations
  6490 | D:6      | Reached XP level 8. HP: 23/42 MP: 6/22
  6723 | D:6      | Reached skill level 1 in Hexes
  6984 | D:6      | Reached skill level 1 in Translocations
  6991 | D:6      | Reached skill level 9 in Spellcasting
  7579 | D:6      | Identified the +1 helmet "Lentegua" {rPois Str+7 Dex-4}
  7729 | D:6      | Found a runed translucent door.
  7729 | D:6      | Found a shimmering altar of Xom.
  7729 | D:6      | Noticed HospitalGownGirl's ghost (novice HuBr)
  7731 | D:6      | Noticed a +0 mace of chaos
  7926 | D:7      | Found Siod's Antique Weapon Shoppe.
  7926 | D:7      | Found Mutt's Distillery.
  7942 | D:7      | Found Ipsolel's Armour Shoppe.
  7985 | D:7      | Found an iron altar of Okawaru.
  8043 | D:7      | Reached XP level 9. HP: 46/46 MP: 19/24
  8265 | D:7      | Found Coucrapsi's Assorted Antiques.
  8360 | D:7      | Found Pitoz's Book Shop.
  8632 | D:8      | Reached skill level 10 in Spellcasting
  8640 | D:8      | Reached skill level 1 in Fighting
  8641 | D:8      | Reached skill level 1 in Staves
  8742 | D:7      | HP: 1/47 [wyvern (14)]
  8744 | D:7      | Reached ** piety under Vehumet
  9052 | D:8      | Slain by a yak

Illustrated notes

Levels and vault maps discovered:
D:1:      saegor_arrival_fortress, layout_basic,
          chequers_ecumenical_altar_simple_redux, dreamdust_princess_corridor,
          chequers_serial_rivers_large_b, chequers_serial_rivers_room_b
D:2:      layout_basic, serial_shops, shop, uniq_crazy_yiuf_cottage
D:3:      layout_loops_ring, hangedman_feature_mirror
D:4:      layout_loops_corners, minmay_temple_entry_mini_moons,
          uniq_blork_the_orc
D:5:      layout_loops_ring, minivault_19,
          nicolae_concentric_dashed_squares_wild
D:6:      layout_gridville, ebering_ghost_xom, minmay_misc_feat_tower
D:7:      layout_loops_cross, okawaru_ov_weapons_minmay, serial_shops,
          nicolae_shop_waterfront, nicolae_shop_behind_doors, shop,
          shop_fountains, shop
D:8:      due_megacathedral, layout_loops_ring, nicolae_ru_path_of_blood,
          tso_altar, minmay_lair_entry_grove, gammafunk_ghost_wrathful_warriors
Temple:   hellmonk_temple_beads

Skill      XL: |  1  2  3  4  5  6  7  8  9 |
---------------+----------------------------+-----
Conjurations   | 5 6 7 8 9 |  9.0
Spellcasting   | 4 5 6 8 9 10 | 10.7
Stealth        | 3 4 5 |  5.2
Dodging        | 3 |  3.2
Air Magic      | 1 2 3 |  3.0
Evocations     | 1 3 |  3.6
Hexes          | 1 2 |  2.3
Translocations | 1 2 |  2.1
Fighting       | 1 |  1.0
Staves         | 1 |  1.3

Action                   |  1- 3 |  4- 6 |  7- 9 || total
-------------------------+-------+-------+-------++-------
Melee: Staff             |       |       |     2 ||     2
 Cast: Magic Dart        |    67 |   107 |    67 ||   241
       Searing Ray       |       |     8 |    17 ||    25
       Iskenderun's Myst |       |     1 |    17 ||    18
       Fulminant Prism   |       |       |    11 ||    11
  Use: Scroll            |       |       |    14 ||    14
Armor: Robe              |       |       |     7 ||     7
Dodge: Dodged            |     4 |    15 |    32 ||    51
